 Dungeon Crawl Stone Soup version 0.30-a0-341-g682706514a (webtiles) character file.

Game seed: 13168077354219547793

858 sanka the Ducker (level 7, -2/61 HPs)
             Began as a Demigod Summoner on Nov 4, 2022.
             Slain by a wraith (8 damage)
             ... on level 5 of the Dungeon.
             The game lasted 00:10:26 (5140 turns).

sanka the Ducker (Demigod Summoner)                 Turns: 5140, Time: 00:10:28

Health: -2/61      AC:  2    Str: 13    XL:     7   Next: 43%
Magic:  18/23      EV: 15    Int: 25    God:
Gold:   250        SH:  5    Dex: 18    Spells: 6/12 levels left

rFire   . . .      SeeInvis .    z - +0 flail
rCold   . . .      Faith    .    (no shield)
rNeg    + . .      Spirit   .    a - +0 robe
rPois   .          Reflect  +    (no helmet)
rElec   .          Harm     .    (no cloak)
rCorr   .          Rampage  .    (no gloves)
Will    .....                    (no boots)
Stlth   ++........               t - amulet "Gucauggu" {Reflect Str+4 Dex+2 SH+5}
HPRegen 0.30/turn                q - ring of magical power
MPRegen 0.18/turn                p - ring of Reukol Peici {rN+ Dex+2 Slay+3}

@: slowed, very slow
A: high MP 1, forlorn, divine attributes
a: no special abilities


You were on level 5 of the Dungeon.
You visited 1 branch of the dungeon, and saw 5 of its levels.

You collected 250 gold pieces.


Innate Abilities, Weirdness & Mutations

You have an increased reservoir of magic. (+10% MP)
You shall have no god before yourself.
Your divine heritage dramatically boosts your attributes as you level up.


   Skills:
 + Level 5.0 Fighting
 + Level 5.4 Dodging
 - Level 1.7 Stealth
 - Level 3.0 Spellcasting
 - Level 4.0 Summonings


You had 6 spell levels left.
You knew the following spells:

 Your Spells              Type           Power      Damage    Failure   Level
c - Call Canine Familiar  Summ           23%        N/A       6%          3
x - Call Imp              Summ           23%        N/A       3%          2
z - Summon Small Mammal   Summ           92%        N/A       1%          1

Your spell library contained the following spells:

 Spells                   Type           Power      Damage    Failure   Level
 Magic Dart               Conj           12%        1d3       10%         1
 Summon Guardian Golem    Hex/Summ       13%        N/A       13%         3
 Summon Lightning Spire   Summ/Air       13%        N/A       41%         4

Inventory:

Hand Weapons
 e - a +0 dagger
 y - a +0 rapier
 z - a +0 flail (weapon)
Missiles
 r - 2 throwing nets {=f}
Armour
 a - a +0 robe (worn)
 f - a +0 cloak
Magical Staves
 g - a staff of poison
Jewellery
 c - an amulet of guardian spirit
 p - the ring of Reukol Peici (right hand) {rN+ Dex+2 Slay+3}

   [ring of positive energy]

   Dex:       It affects your dexterity (+2).
   Slay:      It affects your accuracy & damage with ranged weapons and melee
   (+3).
   rN:        It protects you from negative energy.
 q - a ring of magical power (left hand)
 s - a ring of protection from cold
 t - the amulet "Gucauggu" (around neck) {Reflect Str+4 Dex+2 SH+5}

   [amulet of reflection]

   It reflects blocked missile attacks.
   Str:       It affects your strength (+4).
   Dex:       It affects your dexterity (+2).
   SH:        It affects your SH (+5).
Wands
 x - a wand of flame (14)
Scrolls
 h - 4 scrolls of identify {unknown}
 k - a scroll of summoning {unknown}
 l - 4 scrolls of amnesia {unknown}
 v - 5 scrolls of magic mapping {unknown}
 A - a scroll of enchant armour {unknown}
Potions
 b - a potion of magic
 d - 4 potions of curing {unknown}
 i - a potion of heal wounds {unknown}
 j - a potion of flight {unknown}
 m - 2 potions of attraction {unknown}
 n - 3 potions of lignification {unknown}
 o - a potion of mutation {unknown}
 u - 2 potions of might {unknown}
 w - a potion of resistance {unknown}
 B - a potion of degeneration {unknown}

Dungeon Overview and Level Annotations

Branches:
Dungeon (5/15)             Temple (0/1) D:4

Shops:
D:2 *   D:4 [   D:5 =

Annotations:
D:5 4 runed translucent doors

▒▒........▒▒.▒ ▒▒..▒▒▒▒▒▒..▒.▒
▒..▒▒8|)8▒▒.▒.▒▒▒▒▒▒▒▒▒
▒..▒8....8▒...........▒
▒..+..)...+.▒▒▒▒▒▒▒▒▒.▒
▒..+l.....+........▒▒.▒▒▒▒
▒▒▒..▒8....8▒h.▒▒..........▒▒▒▒
▒....▒▒8[)8▒▒.▒▒▒.▒▒..........[
▒▒.....▒▒▒▒▒▒5Wp...▒▒▒▒.▒▒▒.▒▒.▒
▒..▒▒▒+▒ ▒S▒▒▒.............▒.
▒.▒▒ ▒.#W▒▒.▒▒▒▒...÷..▒▒▒ ▒.▒
▒▒†▒S▒.▒ ▒.▒▒....▒. ▒.▒ ▒.▒▒.▒.▒
▒.▒▒...▒÷▒ ▒.▒ ▒▒5▒.▒.▒
▒.▒▒...▒▒▒ ▒.▒ ▒▒▒.▒.▒▒▒▒.▒▒...▒
▒.▒▒ ▒▒▒▒ ▒▒...........▒▒▒
▒..▒▒▒▒▒▒..▒▒▒▒▒▒..▒▒▒▒.▒.......


You could see a wraith (ally target), a water moccasin, a friendly hound
(summoned) and a friendly crimson imp (summoned).


Message History

You barely miss the wraith.
The wraith is lightly damaged.
Your hound is no longer moving slowly.
Your hound barely misses the wraith.
The wraith barely misses you.
Your hound bites the wraith but does no damage.
The wraith hits you!
* * * LOW HITPOINT WARNING * * *
A water moccasin comes into view.
Your hound bites the wraith but does no damage.
Your hound bites the wraith.
Unknown command.
Your hound bites the wraith.
Your hound bites the wraith but does no damage.
The wraith hits your hound! The wraith drains your hound's vigour!
Your hound seems to slow down.
Your hound bites the wraith but does no damage.
There is an open door here.
Unknown command.
Your crimson imp closely misses the wraith.
The wraith hits you!
* * * LOW HITPOINT WARNING * * *
The wraith drains your vigour!
You feel as though you will be slow longer.
Your crimson imp hits the wraith but does no damage.
The water moccasin bites your crimson imp but does no damage.
Your crimson imp hits the wraith.
The wraith hits you!
You die...

Action                   |  1- 3 |  4- 6 |  7- 9 || total
-------------------------+-------+-------+-------++-------
Melee: Dagger            |   158 |    85 |       ||   243
       Unarmed           |     3 |       |       ||     3
       Punch             |     2 |     1 |       ||     3
       Flail             |       |    34 |    18 ||    52
 Cast: Summon Small Mamm |    34 |     2 |       ||    36
       Call Imp          |     8 |    21 |     8 ||    37
       Call Canine Famil |       |    10 |     9 ||    19
 Stab: Distracted        |     2 |       |     1 ||     3
       Sleeping          |     2 |     1 |     2 ||     5
Armor: Robe              |    22 |    21 |     1 ||    44
Dodge: Dodged            |   113 |    80 |    12 ||   205
Block: Other             |       |    13 |     4 ||    17

Levels and vault maps discovered:
D:1:      minmay_arrival_arboretum_small, layout_basic
D:2:      minmay_recursive_quarters, layout_loops_corners, serial_shops,
          nicolae_square_shop, minmay_lizard_king
D:3:      layout_basic, shapermc_ecumenical_altar_rom_forum
D:4:      layout_rooms, nicolae_uskayaw_en_pointe, kennysheep_mini_moat,
          nicolae_overflow_quartered_altars, minmay_temple_entry_glass,
          serial_shops, kennysheep_mini, uniq_natasha
D:5:      layout_loops_ring, serial_shops, shop, minmay_hollow_rounded_squares

Notes
Turn   | Place    | Note
-------+----------+-------------------------------------------
     0 | D:1      | sanka the Demigod Summoner began the quest for the Orb.
     0 | D:1      | Reached XP level 1. HP: 14/14 MP: 5/5
   205 | D:1      | Reached skill level 2 in Spellcasting
   302 | D:1      | Reached XP level 2. HP: 20/20 MP: 3/7
   787 | D:1      | Reached skill level 4 in Summonings
   800 | D:1      | Learned a level 2 spell: Call Imp
  1155 | D:2      | Found Sutz's Assorted Antiques.
  1386 | D:2      | Reached skill level 2 in Dodging
  1386 | D:2      | Reached XP level 3. HP: 25/27 MP: 6/9
  1597 | D:2      | Reached skill level 1 in Fighting
  2006 | D:2      | Reached XP level 4. HP: 35/35 MP: 11/11
  2601 | D:3      | Learned a level 3 spell: Call Canine Familiar
  2849 | D:3      | Got Plato's Compendium of the Impact
  2869 | D:3      | Identified the ring of Reukol Peici {rN+ Dex+2 Slay+3}
  3255 | D:4      | Noticed Natasha
  3269 | D:4      | Killed Natasha
  3270 | D:4      | Reached skill level 3 in Spellcasting
  3328 | D:4      | Noticed Natasha
  3333 | D:4      | Reached skill level 2 in Fighting
  3333 | D:4      | Reached skill level 3 in Dodging
  3337 | D:4      | Killed Natasha
  3338 | D:4      | Reached XP level 5. HP: 41/41 MP: 12/12
  3453 | D:4      | Found a staircase to the Ecumenical Temple.
  3460 | D:4      | Noticed Natasha
  3466 | D:4      | Killed Natasha
  3566 | D:4      | Identified the amulet "Gucauggu" {Reflect Str+4 Dex+2 SH+5}
  3662 | D:4      | Reached skill level 3 in Fighting
  3793 | D:4      | Reached XP level 6. HP: 24/51 MP: 13/13
  3909 | D:4      | Found Segiseot's Armour Shop.
  3934 | D:4      | Noticed a +0 dagger
  3934 | D:4      | Noticed a +0 spear
  3935 | D:4      | Noticed a +0 falchion
  3935 | D:4      | Noticed a +0 falchion
  3935 | D:4      | Noticed a +0 dagger
  3936 | D:4      | Noticed a +0 short sword
  3938 | D:4      | Noticed a +0 short sword
  3941 | D:4      | Identified the +0 scale mail of Refuge {rC+}
  3991 | D:4      | Noticed a +0 spear
  4197 | D:5      | Entered Level 5 of the Dungeon
  4225 | D:5      | Reached skill level 4 in Dodging
  4248 | D:5      | Noticed a water moccasin
  4274 | D:5      | Killed a water moccasin
  4276 | D:5      | Reached skill level 4 in Fighting
  4443 | D:5      | Found Seogyu's Jewellery Shoppe.
  4693 | D:5      | Reached XP level 7. HP: 41/60 MP: 14/14
  4767 | D:5      | Found a large runed translucent door.
  4770 | D:5      | Noticed a yak
  4771 | D:5      | Found a large runed translucent door.
  4771 | D:5      | Noticed a wyvern
  4771 | D:5      | Found the +6 arbalest "Damnation" {damnation}
  4780 | D:5      | Found a large runed translucent door.
  4780 | D:5      | Found a large runed translucent door.
  4920 | D:5      | Noticed a wyvern
  4966 | D:5      | Killed a wyvern
  4967 | D:5      | Reached skill level 5 in Dodging
  5113 | D:5      | Reached skill level 5 in Fighting
  5113 | D:5      | Noticed a wraith
  5140 | D:5      | HP: 6/61 [wraith (13)]
  5140 | D:5      | Slain by a wraith

Vanquished Creatures
  A water moccasin (D:5)
  A phantom (D:5)
  A howler monkey (D:5)
  A jelly (D:5)
  An iguana (D:5)
  3 adders
  4 orcs
  3 endoplasms
  3 giant cockroaches
  A goblin (D:1)
  4 hobgoblins
  5 quokkas
  5 ball pythons
  A bat (D:3)
  3 frilled lizards (D:2)
  4 kobolds
  4 rats (D:2)
45 creatures vanquished.

Vanquished Creatures (collateral kills)
  A wyvern (D:5)
  A jelly (D:5)
  A hound (D:4)
  A gnoll bouda (D:4)
  2 iguanas
  Natasha (thrice) (D:4)
  5 gnolls (D:4)
  7 adders
  A worm (D:3)
  A dart slug (D:2)
  A ball python (D:3)
  An endoplasm (D:1)
  4 goblins
  5 hobgoblins
  3 kobolds
  3 quokkas
  3 rats
43 creatures vanquished.

Vanquished Creatures (others)
  A plant (D:2)
1 creature vanquished.

Grand Total: 89 creatures vanquished
